cohdb
Replays
Latest Replays
All Replays
Popular Replays
Top Player Replays
Match Explorer
How It Works
Community
CoH3 Stats
Reddit
Sign in to upload your games and track your stats! →
Sign in with Steam
Match 42514018
Unlisted
Match 42514018
Overview
Messages
Build Orders
End
Kettenkrad Recon Vehicle
Construct Infanterie Kompanie
Selects Mechanized Battlegroup
Grenadier Squad
Grenadier Squad
MG 42 Machine Gun Team
Construct Panzergrenadier Kompanie
Panzergrenadier Squad
251 Medium Carrier
Pak 40 Anti-tank Gun Team
Support Elements
Selects Raid Package
StuG III G Assault Gun
Nebelwerfer 42 Rocket Launcher Team
Selects StuG Assault Group
BigTiddyLebron
kreumat
Elop
XeVee
0
0
Comments
sign in to comment!
No comments posted yet!